Workbook

Sheet Parametres
A1: Paramètres — Matrice de décision (FR)
A2: Libellé | B2: Valeur | C2: Commentaire
A3: Mode de pondération | B3: Base | C3: Choisir Base ou Scénario B
A4: Note minimale | B4: 1 | C4: Valeur par défaut pour les notes
A5: Note maximale | B5: 5 | C5: Valeur par défaut pour les notes
A7: Astuce : passez le Mode de pondération sur « Scénario B » pour recalculer tous les scores et classements.

Sheet Criteres
A1: Définition des critères et pondérations
A2: ID | B2: Critère | C2: Catégorie | D2: Type (Bénéfice/Coût) | E2: Poids (Base) | F2: Poids (Scénario B) | G2: Poids norm. (Base) | H2: Poids norm. (B) | I2: Poids actifs | J2: Note Min | K2: Note Max | L2: Source | M2: Remarques
A3: 1 | B3: Coût total de possession | C3: Coût | D3: Coût | E3: 14 | F3: 12 | G3: =SI(SOMME($E$3:$E$22)>0; E3/SOMME($E$3:$E$22); "") | H3: =SI(SOMME($F$3:$F$22)>0; F3/SOMME($F$3:$F$22); "") | I3: =SI(Parametres!$B$3="Scénario B"; H3; G3) | J3: =Parametres!B4 | K3: =Parametres!B5
A4: 2 | B4: Prix d’achat | C4: Coût | D4: Coût | E4: 8 | F4: 9 | G4: =SI(SOMME($E$3:$E$22)>0; E4/SOMME($E$3:$E$22); "") | H4: =SI(SOMME($F$3:$F$22)>0; F4/SOMME($F$3:$F$22); "") | I4: =SI(Parametres!$B$3="Scénario B"; H4; G4) | J4: =Parametres!B4 | K4: =Parametres!B5
A5: 3 | B5: Qualité / Performance | C5: Qualité | D5: Bénéfice | E5: 10 | F5: 12 | G5: =SI(SOMME($E$3:$E$22)>0; E5/SOMME($E$3:$E$22); "") | H5: =SI(SOMME($F$3:$F$22)>0; F5/SOMME($F$3:$F$22); "") | I5: =SI(Parametres!$B$3="Scénario B"; H5; G5) | J5: =Parametres!B4 | K5: =Parametres!B5
A6: 4 | B6: Conformité & Sécurité | C6: Risque | D6: Bénéfice | E6: 8 | F6: 7 | G6: =SI(SOMME($E$3:$E$22)>0; E6/SOMME($E$3:$E$22); "") | H6: =SI(SOMME($F$3:$F$22)>0; F6/SOMME($F$3:$F$22); "") | I6: =SI(Parametres!$B$3="Scénario B"; H6; G6) | J6: =Parametres!B4 | K6: =Parametres!B5
A7: 5 | B7: Fiabilité / Disponibilité | C7: Qualité | D7: Bénéfice | E7: 7 | F7: 7 | G7: =SI(SOMME($E$3:$E$22)>0; E7/SOMME($E$3:$E$22); "") | H7: =SI(SOMME($F$3:$F$22)>0; F7/SOMME($F$3:$F$22); "") | I7: =SI(Parametres!$B$3="Scénario B"; H7; G7) | J7: =Parametres!B4 | K7: =Parametres!B5
A8: 6 | B8: Intégration SI | C8: Technique | D8: Bénéfice | E8: 6 | F8: 5 | G8: =SI(SOMME($E$3:$E$22)>0; E8/SOMME($E$3:$E$22); "") | H8: =SI(SOMME($F$3:$F$22)>0; F8/SOMME($F$3:$F$22); "") | I8: =SI(Parametres!$B$3="Scénario B"; H8; G8) | J8: =Parametres!B4 | K8: =Parametres!B5
A9: 7 | B9: Évolutivité / Scalabilité | C9: Technique | D9: Bénéfice | E9: 6 | F9: 6 | G9: =SI(SOMME($E$3:$E$22)>0; E9/SOMME($E$3:$E$22); "") | H9: =SI(SOMME($F$3:$F$22)>0; F9/SOMME($F$3:$F$22); "") | I9: =SI(Parametres!$B$3="Scénario B"; H9; G9) | J9: =Parametres!B4 | K9: =Parametres!B5
A10: 8 | B10: Expérience utilisateur | C10: Usage | D10: Bénéfice | E10: 6 | F10: 7 | G10: =SI(SOMME($E$3:$E$22)>0; E10/SOMME($E$3:$E$22); "") | H10: =SI(SOMME($F$3:$F$22)>0; F10/SOMME($F$3:$F$22); "") | I10: =SI(Parametres!$B$3="Scénario B"; H10; G10) | J10: =Parametres!B4 | K10: =Parametres!B5
A11: 9 | B11: Support & SLA | C11: Service | D11: Bénéfice | E11: 5 | F11: 5 | G11: =SI(SOMME($E$3:$E$22)>0; E11/SOMME($E$3:$E$22); "") | H11: =SI(SOMME($F$3:$F$22)>0; F11/SOMME($F$3:$F$22); "") | I11: =SI(Parametres!$B$3="Scénario B"; H11; G11) | J11: =Parametres!B4 | K11: =Parametres!B5
A12: 10 | B12: Délai de mise en œuvre | C12: Projet | D12: Coût | E12: 5 | F12: 5 | G12: =SI(SOMME($E$3:$E$22)>0; E12/SOMME($E$3:$E$22); "") | H12: =SI(SOMME($F$3:$F$22)>0; F12/SOMME($F$3:$F$22); "") | I12: =SI(Parametres!$B$3="Scénario B"; H12; G12) | J12: =Parametres!B4 | K12: =Parametres!B5
A13: 11 | B13: Risques fournisseur | C13: Risque | D13: Coût | E13: 5 | F13: 4 | G13: =SI(SOMME($E$3:$E$22)>0; E13/SOMME($E$3:$E$22); "") | H13: =SI(SOMME($F$3:$F$22)>0; F13/SOMME($F$3:$F$22); "") | I13: =SI(Parametres!$B$3="Scénario B"; H13; G13) | J13: =Parametres!B4 | K13: =Parametres!B5
A14: 12 | B14: Capacité d’innovation | C14: Stratégie | D14: Bénéfice | E14: 4 | F14: 5 | G14: =SI(SOMME($E$3:$E$22)>0; E14/SOMME($E$3:$E$22); "") | H14: =SI(SOMME($F$3:$F$22)>0; F14/SOMME($F$3:$F$22); "") | I14: =SI(Parametres!$B$3="Scénario B"; H14; G14) | J14: =Parametres!B4 | K14: =Parametres!B5
A15: 13 | B15: Références clients | C15: Preuve | D15: Bénéfice | E15: 4 | F15: 4 | G15: =SI(SOMME($E$3:$E$22)>0; E15/SOMME($E$3:$E$22); "") | H15: =SI(SOMME($F$3:$F$22)>0; F15/SOMME($F$3:$F$22); "") | I15: =SI(Parametres!$B$3="Scénario B"; H15; G15) | J15: =Parametres!B4 | K15: =Parametres!B5
A16: 14 | B16: Taux d’adoption attendu | C16: Usage | D16: Bénéfice | E16: 3 | F16: 4 | G16: =SI(SOMME($E$3:$E$22)>0; E16/SOMME($E$3:$E$22); "") | H16: =SI(SOMME($F$3:$F$22)>0; F16/SOMME($F$3:$F$22); "") | I16: =SI(Parametres!$B$3="Scénario B"; H16; G16) | J16: =Parametres!B4 | K16: =Parametres!B5
A17: 15 | B17: Impact environnemental | C17: ESG | D17: Coût | E17: 3 | F17: 3 | G17: =SI(SOMME($E$3:$E$22)>0; E17/SOMME($E$3:$E$22); "") | H17: =SI(SOMME($F$3:$F$22)>0; F17/SOMME($F$3:$F$22); "") | I17: =SI(Parametres!$B$3="Scénario B"; H17; G17) | J17: =Parametres!B4 | K17: =Parametres!B5
A18: 16 | B18: ROI (12–24 mois) | C18: Finance | D18: Bénéfice | E18: 3 | F18: 4 | G18: =SI(SOMME($E$3:$E$22)>0; E18/SOMME($E$3:$E$22); "") | H18: =SI(SOMME($F$3:$F$22)>0; F18/SOMME($F$3:$F$22); "") | I18: =SI(Parametres!$B$3="Scénario B"; H18; G18) | J18: =Parametres!B4 | K18: =Parametres!B5
A19: 17 | B19: Coûts de maintenance | C19: Coût | D19: Coût | E19: 3 | F19: 3 | G19: =SI(SOMME($E$3:$E$22)>0; E19/SOMME($E$3:$E$22); "") | H19: =SI(SOMME($F$3:$F$22)>0; F19/SOMME($F$3:$F$22); "") | I19: =SI(Parametres!$B$3="Scénario B"; H19; G19) | J19: =Parametres!B4 | K19: =Parametres!B5
A20: 18 | B20: Dépendances / lock-in | C20: Risque | D20: Coût | E20: 2 | F20: 2 | G20: =SI(SOMME($E$3:$E$22)>0; E20/SOMME($E$3:$E$22); "") | H20: =SI(SOMME($F$3:$F$22)>0; F20/SOMME($F$3:$F$22); "") | I20: =SI(Parametres!$B$3="Scénario B"; H20; G20) | J20: =Parametres!B4 | K20: =Parametres!B5
A21: 19 | B21: Capacité multi-sites | C21: Opérationnel | D21: Bénéfice | E21: 2 | F21: 3 | G21: =SI(SOMME($E$3:$E$22)>0; E21/SOMME($E$3:$E$22); "") | H21: =SI(SOMME($F$3:$F$22)>0; F21/SOMME($F$3:$F$22); "") | I21: =SI(Parametres!$B$3="Scénario B"; H21; G21) | J21: =Parametres!B4 | K21: =Parametres!B5
A22: 20 | B22: Roadmap alignée | C22: Stratégie | D22: Bénéfice | E22: 1 | F22: 2 | G22: =SI(SOMME($E$3:$E$22)>0; E22/SOMME($E$3:$E$22); "") | H22: =SI(SOMME($F$3:$F$22)>0; F22/SOMME($F$3:$F$22); "") | I22: =SI(Parametres!$B$3="Scénario B"; H22; G22) | J22: =Parametres!B4 | K22: =Parametres!B5
D23: Totaux | E23: =SOMME(E3:E22) | F23: =SOMME(F3:F22) | G23: =SOMME(G3:G22) | H23: =SOMME(H3:H22) | I23: =SOMME(I3:I22)

Sheet Alternatives
A1: Liste des alternatives
A2: Alternative 1 | B2: Alternative 2 | C2: Alternative 3 | D2: Alternative 4 | E2: Alternative 5 | F2: Alternative 6
A3: Fournisseur A | B3: Fournisseur B | C3: Fournisseur C | D3: Fournisseur D | E3: Fournisseur E | F3: Fournisseur F

Sheet Matrice_Decision
A1: Matrice de décision — Notes & contributions (Base, Scénario B)
A2: Critère | B2: Type | C2: Poids Base (norm.) | D2: Poids B (norm.) | E2: Min | F2: Max | G2: =Alternatives!A2 | H2: =Alternatives!B2 | I2: =Alternatives!C2 | J2: =Alternatives!D2 | K2: =Alternatives!E2 | L2: =Alternatives!F2 | M2: Contr.1 Base | N2: Contr.2 Base | O2: Contr.3 Base | P2: Contr.4 Base | Q2: Contr.5 Base | R2: Contr.6 Base | S2: Contr.1 B | T2: Contr.2 B | U2: Contr.3 B | V2: Contr.4 B | W2: Contr.5 B | X2: Contr.6 B
A3: =Criteres!B3 | B3: =Criteres!D3 | C3: =Criteres!G3 | D3: =Criteres!H3 | E3: =Criteres!J3 | F3: =Criteres!K3 | G3: =ALEA.ENTRE.BORNES(1;5) | H3: =ALEA.ENTRE.BORNES(1;5) | I3: =ALEA.ENTRE.BORNES(1;5) | J3: =ALEA.ENTRE.BORNES(1;5) | K3: =ALEA.ENTRE.BORNES(1;5) | L3: =ALEA.ENTRE.BORNES(1;5) | M3: =SI(OU(G3="";E3="";F3="";F3=E3);"";SI($B3="Coût"; (F3-G3)/(F3-E3); (G3-E3)/(F3-E3)) * $C3) | N3: =SI(OU(H3="";E3="";F3="";F3=E3);"";SI($B3="Coût"; (F3-H3)/(F3-E3); (H3-E3)/(F3-E3)) * $C3) | O3: =SI(OU(I3="";E3="";F3="";F3=E3);"";SI($B3="Coût"; (F3-I3)/(F3-E3); (I3-E3)/(F3-E3)) * $C3) | P3: =SI(OU(J3="";E3="";F3="";F3=E3);"";SI($B3="Coût"; (F3-J3)/(F3-E3); (J3-E3)/(F3-E3)) * $C3) | Q3: =SI(OU(K3="";E3="";F3="";F3=E3);"";SI($B3="Coût"; (F3-K3)/(F3-E3); (K3-E3)/(F3-E3)) * $C3) | R3: =SI(OU(L3="";E3="";F3="";F3=E3);"";SI($B3="Coût"; (F3-L3)/(F3-E3); (L3-E3)/(F3-E3)) * $C3) | S3: =SI(OU(G3="";E3="";F3="";F3=E3);"";SI($B3="Coût"; (F3-G3)/(F3-E3); (G3-E3)/(F3-E3)) * $D3) | T3: =SI(OU(H3="";E3="";F3="";F3=E3);"";SI($B3="Coût"; (F3-H3)/(F3-E3); (H3-E3)/(F3-E3)) * $D3) | U3: =SI(OU(I3="";E3="";F3="";F3=E3);"";SI($B3="Coût"; (F3-I3)/(F3-E3); (I3-E3)/(F3-E3)) * $D3) | V3: =SI(OU(J3="";E3="";F3="";F3=E3);"";SI($B3="Coût"; (F3-J3)/(F3-E3); (J3-E3)/(F3-E3)) * $D3) | W3: =SI(OU(K3="";E3="";F3="";F3=E3);"";SI($B3="Coût"; (F3-K3)/(F3-E3); (K3-E3)/(F3-E3)) * $D3) | X3: =SI(OU(L3="";E3="";F3="";F3=E3);"";SI($B3="Coût"; (F3-L3)/(F3-E3); (L3-E3)/(F3-E3)) * $D3)
A4: =Criteres!B4 | B4: =Criteres!D4 | C4: =Criteres!G4 | D4: =Criteres!H4 | E4: =Criteres!J4 | F4: =Criteres!K4 | G4: =ALEA.ENTRE.BORNES(1;5) | H4: =ALEA.ENTRE.BORNES(1;5) | I4: =ALEA.ENTRE.BORNES(1;5) | J4: =ALEA.ENTRE.BORNES(1;5) | K4: =ALEA.ENTRE.BORNES(1;5) | L4: =ALEA.ENTRE.BORNES(1;5) | M4: =SI(OU(G4="";E4="";F4="";F4=E4);"";SI($B4="Coût"; (F4-G4)/(F4-E4); (G4-E4)/(F4-E4)) * $C4) | N4: =SI(OU(H4="";E4="";F4="";F4=E4);"";SI($B4="Coût"; (F4-H4)/(F4-E4); (H4-E4)/(F4-E4)) * $C4) | O4: =SI(OU(I4="";E4="";F4="";F4=E4);"";SI($B4="Coût"; (F4-I4)/(F4-E4); (I4-E4)/(F4-E4)) * $C4) | P4: =SI(OU(J4="";E4="";F4="";F4=E4);"";SI($B4="Coût"; (F4-J4)/(F4-E4); (J4-E4)/(F4-E4)) * $C4) | Q4: =SI(OU(K4="";E4="";F4="";F4=E4);"";SI($B4="Coût"; (F4-K4)/(F4-E4); (K4-E4)/(F4-E4)) * $C4) | R4: =SI(OU(L4="";E4="";F4="";F4=E4);"";SI($B4="Coût"; (F4-L4)/(F4-E4); (L4-E4)/(F4-E4)) * $C4) | S4: =SI(OU(G4="";E4="";F4="";F4=E4);"";SI($B4="Coût"; (F4-G4)/(F4-E4); (G4-E4)/(F4-E4)) * $D4) | T4: =SI(OU(H4="";E4="";F4="";F4=E4);"";SI($B4="Coût"; (F4-H4)/(F4-E4); (H4-E4)/(F4-E4)) * $D4) | U4: =SI(OU(I4="";E4="";F4="";F4=E4);"";SI($B4="Coût"; (F4-I4)/(F4-E4); (I4-E4)/(F4-E4)) * $D4) | V4: =SI(OU(J4="";E4="";F4="";F4=E4);"";SI($B4="Coût"; (F4-J4)/(F4-E4); (J4-E4)/(F4-E4)) * $D4) | W4: =SI(OU(K4="";E4="";F4="";F4=E4);"";SI($B4="Coût"; (F4-K4)/(F4-E4); (K4-E4)/(F4-E4)) * $D4) | X4: =SI(OU(L4="";E4="";F4="";F4=E4);"";SI($B4="Coût"; (F4-L4)/(F4-E4); (L4-E4)/(F4-E4)) * $D4)
A5: =Criteres!B5 | B5: =Criteres!D5 | C5: =Criteres!G5 | D5: =Criteres!H5 | E5: =Criteres!J5 | F5: =Criteres!K5 | G5: =ALEA.ENTRE.BORNES(1;5) | H5: =ALEA.ENTRE.BORNES(1;5) | I5: =ALEA.ENTRE.BORNES(1;5) | J5: =ALEA.ENTRE.BORNES(1;5) | K5: =ALEA.ENTRE.BORNES(1;5) | L5: =ALEA.ENTRE.BORNES(1;5) | M5: =SI(OU(G5="";E5="";F5="";F5=E5);"";SI($B5="Coût"; (F5-G5)/(F5-E5); (G5-E5)/(F5-E5)) * $C5) | N5: =SI(OU(H5="";E5="";F5="";F5=E5);"";SI($B5="Coût"; (F5-H5)/(F5-E5); (H5-E5)/(F5-E5)) * $C5) | O5: =SI(OU(I5="";E5="";F5="";F5=E5);"";SI($B5="Coût"; (F5-I5)/(F5-E5); (I5-E5)/(F5-E5)) * $C5) | P5: =SI(OU(J5="";E5="";F5="";F5=E5);"";SI($B5="Coût"; (F5-J5)/(F5-E5); (J5-E5)/(F5-E5)) * $C5) | Q5: =SI(OU(K5="";E5="";F5="";F5=E5);"";SI($B5="Coût"; (F5-K5)/(F5-E5); (K5-E5)/(F5-E5)) * $C5) | R5: =SI(OU(L5="";E5="";F5="";F5=E5);"";SI($B5="Coût"; (F5-L5)/(F5-E5); (L5-E5)/(F5-E5)) * $C5) | S5: =SI(OU(G5="";E5="";F5="";F5=E5);"";SI($B5="Coût"; (F5-G5)/(F5-E5); (G5-E5)/(F5-E5)) * $D5) | T5: =SI(OU(H5="";E5="";F5="";F5=E5);"";SI($B5="Coût"; (F5-H5)/(F5-E5); (H5-E5)/(F5-E5)) * $D5) | U5: =SI(OU(I5="";E5="";F5="";F5=E5);"";SI($B5="Coût"; (F5-I5)/(F5-E5); (I5-E5)/(F5-E5)) * $D5) | V5: =SI(OU(J5="";E5="";F5="";F5=E5);"";SI($B5="Coût"; (F5-J5)/(F5-E5); (J5-E5)/(F5-E5)) * $D5) | W5: =SI(OU(K5="";E5="";F5="";F5=E5);"";SI($B5="Coût"; (F5-K5)/(F5-E5); (K5-E5)/(F5-E5)) * $D5) | X5: =SI(OU(L5="";E5="";F5="";F5=E5);"";SI($B5="Coût"; (F5-L5)/(F5-E5); (L5-E5)/(F5-E5)) * $D5)
A6: =Criteres!B6 | B6: =Criteres!D6 | C6: =Criteres!G6 | D6: =Criteres!H6 | E6: =Criteres!J6 | F6: =Criteres!K6 | G6: =ALEA.ENTRE.BORNES(1;5) | H6: =ALEA.ENTRE.BORNES(1;5) | I6: =ALEA.ENTRE.BORNES(1;5) | J6: =ALEA.ENTRE.BORNES(1;5) | K6: =ALEA.ENTRE.BORNES(1;5) | L6: =ALEA.ENTRE.BORNES(1;5) | M6: =SI(OU(G6="";E6="";F6="";F6=E6);"";SI($B6="Coût"; (F6-G6)/(F6-E6); (G6-E6)/(F6-E6)) * $C6) | N6: =SI(OU(H6="";E6="";F6="";F6=E6);"";SI($B6="Coût"; (F6-H6)/(F6-E6); (H6-E6)/(F6-E6)) * $C6) | O6: =SI(OU(I6="";E6="";F6="";F6=E6);"";SI($B6="Coût"; (F6-I6)/(F6-E6); (I6-E6)/(F6-E6)) * $C6) | P6: =SI(OU(J6="";E6="";F6="";F6=E6);"";SI($B6="Coût"; (F6-J6)/(F6-E6); (J6-E6)/(F6-E6)) * $C6) | Q6: =SI(OU(K6="";E6="";F6="";F6=E6);"";SI($B6="Coût"; (F6-K6)/(F6-E6); (K6-E6)/(F6-E6)) * $C6) | R6: =SI(OU(L6="";E6="";F6="";F6=E6);"";SI($B6="Coût"; (F6-L6)/(F6-E6); (L6-E6)/(F6-E6)) * $C6) | S6: =SI(OU(G6="";E6="";F6="";F6=E6);"";SI($B6="Coût"; (F6-G6)/(F6-E6); (G6-E6)/(F6-E6)) * $D6) | T6: =SI(OU(H6="";E6="";F6="";F6=E6);"";SI($B6="Coût"; (F6-H6)/(F6-E6); (H6-E6)/(F6-E6)) * $D6) | U6: =SI(OU(I6="";E6="";F6="";F6=E6);"";SI($B6="Coût"; (F6-I6)/(F6-E6); (I6-E6)/(F6-E6)) * $D6) | V6: =SI(OU(J6="";E6="";F6="";F6=E6);"";SI($B6="Coût"; (F6-J6)/(F6-E6); (J6-E6)/(F6-E6)) * $D6) | W6: =SI(OU(K6="";E6="";F6="";F6=E6);"";SI($B6="Coût"; (F6-K6)/(F6-E6); (K6-E6)/(F6-E6)) * $D6) | X6: =SI(OU(L6="";E6="";F6="";F6=E6);"";SI($B6="Coût"; (F6-L6)/(F6-E6); (L6-E6)/(F6-E6)) * $D6)
A7: =Criteres!B7 | B7: =Criteres!D7 | C7: =Criteres!G7 | D7: =Criteres!H7 | E7: =Criteres!J7 | F7: =Criteres!K7 | G7: =ALEA.ENTRE.BORNES(1;5) | H7: =ALEA.ENTRE.BORNES(1;5) | I7: =ALEA.ENTRE.BORNES(1;5) | J7: =ALEA.ENTRE.BORNES(1;5) | K7: =ALEA.ENTRE.BORNES(1;5) | L7: =ALEA.ENTRE.BORNES(1;5) | M7: =SI(OU(G7="";E7="";F7="";F7=E7);"";SI($B7="Coût"; (F7-G7)/(F7-E7); (G7-E7)/(F7-E7)) * $C7) | N7: =SI(OU(H7="";E7="";F7="";F7=E7);"";SI($B7="Coût"; (F7-H7)/(F7-E7); (H7-E7)/(F7-E7)) * $C7) | O7: =SI(OU(I7="";E7="";F7="";F7=E7);"";SI($B7="Coût"; (F7-I7)/(F7-E7); (I7-E7)/(F7-E7)) * $C7) | P7: =SI(OU(J7="";E7="";F7="";F7=E7);"";SI($B7="Coût"; (F7-J7)/(F7-E7); (J7-E7)/(F7-E7)) * $C7) | Q7: =SI(OU(K7="";E7="";F7="";F7=E7);"";SI($B7="Coût"; (F7-K7)/(F7-E7); (K7-E7)/(F7-E7)) * $C7) | R7: =SI(OU(L7="";E7="";F7="";F7=E7);"";SI($B7="Coût"; (F7-L7)/(F7-E7); (L7-E7)/(F7-E7)) * $C7) | S7: =SI(OU(G7="";E7="";F7="";F7=E7);"";SI($B7="Coût"; (F7-G7)/(F7-E7); (G7-E7)/(F7-E7)) * $D7) | T7: =SI(OU(H7="";E7="";F7="";F7=E7);"";SI($B7="Coût"; (F7-H7)/(F7-E7); (H7-E7)/(F7-E7)) * $D7) | U7: =SI(OU(I7="";E7="";F7="";F7=E7);"";SI($B7="Coût"; (F7-I7)/(F7-E7); (I7-E7)/(F7-E7)) * $D7) | V7: =SI(OU(J7="";E7="";F7="";F7=E7);"";SI($B7="Coût"; (F7-J7)/(F7-E7); (J7-E7)/(F7-E7)) * $D7) | W7: =SI(OU(K7="";E7="";F7="";F7=E7);"";SI($B7="Coût"; (F7-K7)/(F7-E7); (K7-E7)/(F7-E7)) * $D7) | X7: =SI(OU(L7="";E7="";F7="";F7=E7);"";SI($B7="Coût"; (F7-L7)/(F7-E7); (L7-E7)/(F7-E7)) * $D7)
A8: =Criteres!B8 | B8: =Criteres!D8 | C8: =Criteres!G8 | D8: =Criteres!H8 | E8: =Criteres!J8 | F8: =Criteres!K8 | G8: =ALEA.ENTRE.BORNES(1;5) | H8: =ALEA.ENTRE.BORNES(1;5) | I8: =ALEA.ENTRE.BORNES(1;5) | J8: =ALEA.ENTRE.BORNES(1;5) | K8: =ALEA.ENTRE.BORNES(1;5) | L8: =ALEA.ENTRE.BORNES(1;5) | M8: =SI(OU(G8="";E8="";F8="";F8=E8);"";SI($B8="Coût"; (F8-G8)/(F8-E8); (G8-E8)/(F8-E8)) * $C8) | N8: =SI(OU(H8="";E8="";F8="";F8=E8);"";SI($B8="Coût"; (F8-H8)/(F8-E8); (H8-E8)/(F8-E8)) * $C8) | O8: =SI(OU(I8="";E8="";F8="";F8=E8);"";SI($B8="Coût"; (F8-I8)/(F8-E8); (I8-E8)/(F8-E8)) * $C8) | P8: =SI(OU(J8="";E8="";F8="";F8=E8);"";SI($B8="Coût"; (F8-J8)/(F8-E8); (J8-E8)/(F8-E8)) * $C8) | Q8: =SI(OU(K8="";E8="";F8="";F8=E8);"";SI($B8="Coût"; (F8-K8)/(F8-E8); (K8-E8)/(F8-E8)) * $C8) | R8: =SI(OU(L8="";E8="";F8="";F8=E8);"";SI($B8="Coût"; (F8-L8)/(F8-E8); (L8-E8)/(F8-E8)) * $C8) | S8: =SI(OU(G8="";E8="";F8="";F8=E8);"";SI($B8="Coût"; (F8-G8)/(F8-E8); (G8-E8)/(F8-E8)) * $D8) | T8: =SI(OU(H8="";E8="";F8="";F8=E8);"";SI($B8="Coût"; (F8-H8)/(F8-E8); (H8-E8)/(F8-E8)) * $D8) | U8: =SI(OU(I8="";E8="";F8="";F8=E8);"";SI($B8="Coût"; (F8-I8)/(F8-E8); (I8-E8)/(F8-E8)) * $D8) | V8: =SI(OU(J8="";E8="";F8="";F8=E8);"";SI($B8="Coût"; (F8-J8)/(F8-E8); (J8-E8)/(F8-E8)) * $D8) | W8: =SI(OU(K8="";E8="";F8="";F8=E8);"";SI($B8="Coût"; (F8-K8)/(F8-E8); (K8-E8)/(F8-E8)) * $D8) | X8: =SI(OU(L8="";E8="";F8="";F8=E8);"";SI($B8="Coût"; (F8-L8)/(F8-E8); (L8-E8)/(F8-E8)) * $D8)
A9: =Criteres!B9 | B9: =Criteres!D9 | C9: =Criteres!G9 | D9: =Criteres!H9 | E9: =Criteres!J9 | F9: =Criteres!K9 | G9: =ALEA.ENTRE.BORNES(1;5) | H9: =ALEA.ENTRE.BORNES(1;5) | I9: =ALEA.ENTRE.BORNES(1;5) | J9: =ALEA.ENTRE.BORNES(1;5) | K9: =ALEA.ENTRE.BORNES(1;5) | L9: =ALEA.ENTRE.BORNES(1;5) | M9: =SI(OU(G9="";E9="";F9="";F9=E9);"";SI($B9="Coût"; (F9-G9)/(F9-E9); (G9-E9)/(F9-E9)) * $C9) | N9: =SI(OU(H9="";E9="";F9="";F9=E9);"";SI($B9="Coût"; (F9-H9)/(F9-E9); (H9-E9)/(F9-E9)) * $C9) | O9: =SI(OU(I9="";E9="";F9="";F9=E9);"";SI($B9="Coût"; (F9-I9)/(F9-E9); (I9-E9)/(F9-E9)) * $C9) | P9: =SI(OU(J9="";E9="";F9="";F9=E9);"";SI($B9="Coût"; (F9-J9)/(F9-E9); (J9-E9)/(F9-E9)) * $C9) | Q9: =SI(OU(K9="";E9="";F9="";F9=E9);"";SI($B9="Coût"; (F9-K9)/(F9-E9); (K9-E9)/(F9-E9)) * $C9) | R9: =SI(OU(L9="";E9="";F9="";F9=E9);"";SI($B9="Coût"; (F9-L9)/(F9-E9); (L9-E9)/(F9-E9)) * $C9) | S9: =SI(OU(G9="";E9="";F9="";F9=E9);"";SI($B9="Coût"; (F9-G9)/(F9-E9); (G9-E9)/(F9-E9)) * $D9) | T9: =SI(OU(H9="";E9="";F9="";F9=E9);"";SI($B9="Coût"; (F9-H9)/(F9-E9); (H9-E9)/(F9-E9)) * $D9) | U9: =SI(OU(I9="";E9="";F9="";F9=E9);"";SI($B9="Coût"; (F9-I9)/(F9-E9); (I9-E9)/(F9-E9)) * $D9) | V9: =SI(OU(J9="";E9="";F9="";F9=E9);"";SI($B9="Coût"; (F9-J9)/(F9-E9); (J9-E9)/(F9-E9)) * $D9) | W9: =SI(OU(K9="";E9="";F9="";F9=E9);"";SI($B9="Coût"; (F9-K9)/(F9-E9); (K9-E9)/(F9-E9)) * $D9) | X9: =SI(OU(L9="";E9="";F9="";F9=E9);"";SI($B9="Coût"; (F9-L9)/(F9-E9); (L9-E9)/(F9-E9)) * $D9)
A10: =Criteres!B10 | B10: =Criteres!D10 | C10: =Criteres!G10 | D10: =Criteres!H10 | E10: =Criteres!J10 | F10: =Criteres!K10 | G10: =ALEA.ENTRE.BORNES(1;5) | H10: =ALEA.ENTRE.BORNES(1;5) | I10: =ALEA.ENTRE.BORNES(1;5) | J10: =ALEA.ENTRE.BORNES(1;5) | K10: =ALEA.ENTRE.BORNES(1;5) | L10: =ALEA.ENTRE.BORNES(1;5) | M10: =SI(OU(G10="";E10="";F10="";F10=E10);"";SI($B10="Coût"; (F10-G10)/(F10-E10); (G10-E10)/(F10-E10)) * $C10) | N10: =SI(OU(H10="";E10="";F10="";F10=E10);"";SI($B10="Coût"; (F10-H10)/(F10-E10); (H10-E10)/(F10-E10)) * $C10) | O10: =SI(OU(I10="";E10="";F10="";F10=E10);"";SI($B10="Coût"; (F10-I10)/(F10-E10); (I10-E10)/(F10-E10)) * $C10) | P10: =SI(OU(J10="";E10="";F10="";F10=E10);"";SI($B10="Coût"; (F10-J10)/(F10-E10); (J10-E10)/(F10-E10)) * $C10) | Q10: =SI(OU(K10="";E10="";F10="";F10=E10);"";SI($B10="Coût"; (F10-K10)/(F10-E10); (K10-E10)/(F10-E10)) * $C10) | R10: =SI(OU(L10="";E10="";F10="";F10=E10);"";SI($B10="Coût"; (F10-L10)/(F10-E10); (L10-E10)/(F10-E10)) * $C10) | S10: =SI(OU(G10="";E10="";F10="";F10=E10);"";SI($B10="Coût"; (F10-G10)/(F10-E10); (G10-E10)/(F10-E10)) * $D10) | T10: =SI(OU(H10="";E10="";F10="";F10=E10);"";SI($B10="Coût"; (F10-H10)/(F10-E10); (H10-E10)/(F10-E10)) * $D10) | U10: =SI(OU(I10="";E10="";F10="";F10=E10);"";SI($B10="Coût"; (F10-I10)/(F10-E10); (I10-E10)/(F10-E10)) * $D10) | V10: =SI(OU(J10="";E10="";F10="";F10=E10);"";SI($B10="Coût"; (F10-J10)/(F10-E10); (J10-E10)/(F10-E10)) * $D10) | W10: =SI(OU(K10="";E10="";F10="";F10=E10);"";SI($B10="Coût"; (F10-K10)/(F10-E10); (K10-E10)/(F10-E10)) * $D10) | X10: =SI(OU(L10="";E10="";F10="";F10=E10);"";SI($B10="Coût"; (F10-L10)/(F10-E10); (L10-E10)/(F10-E10)) * $D10)
A11: =Criteres!B11 | B11: =Criteres!D11 | C11: =Criteres!G11 | D11: =Criteres!H11 | E11: =Criteres!J11 | F11: =Criteres!K11 | G11: =ALEA.ENTRE.BORNES(1;5) | H11: =ALEA.ENTRE.BORNES(1;5) | I11: =ALEA.ENTRE.BORNES(1;5) | J11: =ALEA.ENTRE.BORNES(1;5) | K11: =ALEA.ENTRE.BORNES(1;5) | L11: =ALEA.ENTRE.BORNES(1;5) | M11: =SI(OU(G11="";E11="";F11="";F11=E11);"";SI($B11="Coût"; (F11-G11)/(F11-E11); (G11-E11)/(F11-E11)) * $C11) | N11: =SI(OU(H11="";E11="";F11="";F11=E11);"";SI($B11="Coût"; (F11-H11)/(F11-E11); (H11-E11)/(F11-E11)) * $C11) | O11: =SI(OU(I11="";E11="";F11="";F11=E11);"";SI($B11="Coût"; (F11-I11)/(F11-E11); (I11-E11)/(F11-E11)) * $C11) | P11: =SI(OU(J11="";E11="";F11="";F11=E11);"";SI($B11="Coût"; (F11-J11)/(F11-E11); (J11-E11)/(F11-E11)) * $C11) | Q11: =SI(OU(K11="";E11="";F11="";F11=E11);"";SI($B11="Coût"; (F11-K11)/(F11-E11); (K11-E11)/(F11-E11)) * $C11) | R11: =SI(OU(L11="";E11="";F11="";F11=E11);"";SI($B11="Coût"; (F11-L11)/(F11-E11); (L11-E11)/(F11-E11)) * $C11) | S11: =SI(OU(G11="";E11="";F11="";F11=E11);"";SI($B11="Coût"; (F11-G11)/(F11-E11); (G11-E11)/(F11-E11)) * $D11) | T11: =SI(OU(H11="";E11="";F11="";F11=E11);"";SI($B11="Coût"; (F11-H11)/(F11-E11); (H11-E11)/(F11-E11)) * $D11) | U11: =SI(OU(I11="";E11="";F11="";F11=E11);"";SI($B11="Coût"; (F11-I11)/(F11-E11); (I11-E11)/(F11-E11)) * $D11) | V11: =SI(OU(J11="";E11="";F11="";F11=E11);"";SI($B11="Coût"; (F11-J11)/(F11-E11); (J11-E11)/(F11-E11)) * $D11) | W11: =SI(OU(K11="";E11="";F11="";F11=E11);"";SI($B11="Coût"; (F11-K11)/(F11-E11); (K11-E11)/(F11-E11)) * $D11) | X11: =SI(OU(L11="";E11="";F11="";F11=E11);"";SI($B11="Coût"; (F11-L11)/(F11-E11); (L11-E11)/(F11-E11)) * $D11)
A12: =Criteres!B12 | B12: =Criteres!D12 | C12: =Criteres!G12 | D12: =Criteres!H12 | E12: =Criteres!J12 | F12: =Criteres!K12 | G12: =ALEA.ENTRE.BORNES(1;5) | H12: =ALEA.ENTRE.BORNES(1;5) | I12: =ALEA.ENTRE.BORNES(1;5) | J12: =ALEA.ENTRE.BORNES(1;5) | K12: =ALEA.ENTRE.BORNES(1;5) | L12: =ALEA.ENTRE.BORNES(1;5) | M12: =SI(OU(G12="";E12="";F12="";F12=E12);"";SI($B12="Coût"; (F12-G12)/(F12-E12); (G12-E12)/(F12-E12)) * $C12) | N12: =SI(OU(H12="";E12="";F12="";F12=E12);"";SI($B12="Coût"; (F12-H12)/(F12-E12); (H12-E12)/(F12-E12)) * $C12) | O12: =SI(OU(I12="";E12="";F12="";F12=E12);"";SI($B12="Coût"; (F12-I12)/(F12-E12); (I12-E12)/(F12-E12)) * $C12) | P12: =SI(OU(J12="";E12="";F12="";F12=E12);"";SI($B12="Coût"; (F12-J12)/(F12-E12); (J12-E12)/(F12-E12)) * $C12) | Q12: =SI(OU(K12="";E12="";F12="";F12=E12);"";SI($B12="Coût"; (F12-K12)/(F12-E12); (K12-E12)/(F12-E12)) * $C12) | R12: =SI(OU(L12="";E12="";F12="";F12=E12);"";SI($B12="Coût"; (F12-L12)/(F12-E12); (L12-E12)/(F12-E12)) * $C12) | S12: =SI(OU(G12="";E12="";F12="";F12=E12);"";SI($B12="Coût"; (F12-G12)/(F12-E12); (G12-E12)/(F12-E12)) * $D12) | T12: =SI(OU(H12="";E12="";F12="";F12=E12);"";SI($B12="Coût"; (F12-H12)/(F12-E12); (H12-E12)/(F12-E12)) * $D12) | U12: =SI(OU(I12="";E12="";F12="";F12=E12);"";SI($B12="Coût"; (F12-I12)/(F12-E12); (I12-E12)/(F12-E12)) * $D12) | V12: =SI(OU(J12="";E12="";F12="";F12=E12);"";SI($B12="Coût"; (F12-J12)/(F12-E12); (J12-E12)/(F12-E12)) * $D12) | W12: =SI(OU(K12="";E12="";F12="";F12=E12);"";SI($B12="Coût"; (F12-K12)/(F12-E12); (K12-E12)/(F12-E12)) * $D12) | X12: =SI(OU(L12="";E12="";F12="";F12=E12);"";SI($B12="Coût"; (F12-L12)/(F12-E12); (L12-E12)/(F12-E12)) * $D12)
A13: =Criteres!B13 | B13: =Criteres!D13 | C13: =Criteres!G13 | D13: =Criteres!H13 | E13: =Criteres!J13 | F13: =Criteres!K13 | G13: =ALEA.ENTRE.BORNES(1;5) | H13: =ALEA.ENTRE.BORNES(1;5) | I13: =ALEA.ENTRE.BORNES(1;5) | J13: =ALEA.ENTRE.BORNES(1;5) | K13: =ALEA.ENTRE.BORNES(1;5) | L13: =ALEA.ENTRE.BORNES(1;5) | M13: =SI(OU(G13="";E13="";F13="";F13=E13);"";SI($B13="Coût"; (F13-G13)/(F13-E13); (G13-E13)/(F13-E13)) * $C13) | N13: =SI(OU(H13="";E13="";F13="";F13=E13);"";SI($B13="Coût"; (F13-H13)/(F13-E13); (H13-E13)/(F13-E13)) * $C13) | O13: =SI(OU(I13="";E13="";F13="";F13=E13);"";SI($B13="Coût"; (F13-I13)/(F13-E13); (I13-E13)/(F13-E13)) * $C13) | P13: =SI(OU(J13="";E13="";F13="";F13=E13);"";SI($B13="Coût"; (F13-J13)/(F13-E13); (J13-E13)/(F13-E13)) * $C13) | Q13: =SI(OU(K13="";E13="";F13="";F13=E13);"";SI($B13="Coût"; (F13-K13)/(F13-E13); (K13-E13)/(F13-E13)) * $C13) | R13: =SI(OU(L13="";E13="";F13="";F13=E13);"";SI($B13="Coût"; (F13-L13)/(F13-E13); (L13-E13)/(F13-E13)) * $C13) | S13: =SI(OU(G13="";E13="";F13="";F13=E13);"";SI($B13="Coût"; (F13-G13)/(F13-E13); (G13-E13)/(F13-E13)) * $D13) | T13: =SI(OU(H13="";E13="";F13="";F13=E13);"";SI($B13="Coût"; (F13-H13)/(F13-E13); (H13-E13)/(F13-E13)) * $D13) | U13: =SI(OU(I13="";E13="";F13="";F13=E13);"";SI($B13="Coût"; (F13-I13)/(F13-E13); (I13-E13)/(F13-E13)) * $D13) | V13: =SI(OU(J13="";E13="";F13="";F13=E13);"";SI($B13="Coût"; (F13-J13)/(F13-E13); (J13-E13)/(F13-E13)) * $D13) | W13: =SI(OU(K13="";E13="";F13="";F13=E13);"";SI($B13="Coût"; (F13-K13)/(F13-E13); (K13-E13)/(F13-E13)) * $D13) | X13: =SI(OU(L13="";E13="";F13="";F13=E13);"";SI($B13="Coût"; (F13-L13)/(F13-E13); (L13-E13)/(F13-E13)) * $D13)
A14: =Criteres!B14 | B14: =Criteres!D14 | C14: =Criteres!G14 | D14: =Criteres!H14 | E14: =Criteres!J14 | F14: =Criteres!K14 | G14: =ALEA.ENTRE.BORNES(1;5) | H14: =ALEA.ENTRE.BORNES(1;5) | I14: =ALEA.ENTRE.BORNES(1;5) | J14: =ALEA.ENTRE.BORNES(1;5) | K14: =ALEA.ENTRE.BORNES(1;5) | L14: =ALEA.ENTRE.BORNES(1;5) | M14: =SI(OU(G14="";E14="";F14="";F14=E14);"";SI($B14="Coût"; (F14-G14)/(F14-E14); (G14-E14)/(F14-E14)) * $C14) | N14: =SI(OU(H14="";E14="";F14="";F14=E14);"";SI($B14="Coût"; (F14-H14)/(F14-E14); (H14-E14)/(F14-E14)) * $C14) | O14: =SI(OU(I14="";E14="";F14="";F14=E14);"";SI($B14="Coût"; (F14-I14)/(F14-E14); (I14-E14)/(F14-E14)) * $C14) | P14: =SI(OU(J14="";E14="";F14="";F14=E14);"";SI($B14="Coût"; (F14-J14)/(F14-E14); (J14-E14)/(F14-E14)) * $C14) | Q14: =SI(OU(K14="";E14="";F14="";F14=E14);"";SI($B14="Coût"; (F14-K14)/(F14-E14); (K14-E14)/(F14-E14)) * $C14) | R14: =SI(OU(L14="";E14="";F14="";F14=E14);"";SI($B14="Coût"; (F14-L14)/(F14-E14); (L14-E14)/(F14-E14)) * $C14) | S14: =SI(OU(G14="";E14="";F14="";F14=E14);"";SI($B14="Coût"; (F14-G14)/(F14-E14); (G14-E14)/(F14-E14)) * $D14) | T14: =SI(OU(H14="";E14="";F14="";F14=E14);"";SI($B14="Coût"; (F14-H14)/(F14-E14); (H14-E14)/(F14-E14)) * $D14) | U14: =SI(OU(I14="";E14="";F14="";F14=E14);"";SI($B14="Coût"; (F14-I14)/(F14-E14); (I14-E14)/(F14-E14)) * $D14) | V14: =SI(OU(J14="";E14="";F14="";F14=E14);"";SI($B14="Coût"; (F14-J14)/(F14-E14); (J14-E14)/(F14-E14)) * $D14) | W14: =SI(OU(K14="";E14="";F14="";F14=E14);"";SI($B14="Coût"; (F14-K14)/(F14-E14); (K14-E14)/(F14-E14)) * $D14) | X14: =SI(OU(L14="";E14="";F14="";F14=E14);"";SI($B14="Coût"; (F14-L14)/(F14-E14); (L14-E14)/(F14-E14)) * $D14)
... A22: =Criteres!B22 | B22: =Criteres!D22 | C22: =Criteres!G22 | D22: =Criteres!H22 | E22: =Criteres!J22 | F22: =Criteres!K22 | G22: =ALEA.ENTRE.BORNES(1;5) | H22: =ALEA.ENTRE.BORNES(1;5) | I22: =ALEA.ENTRE.BORNES(1;5) | J22: =ALEA.ENTRE.BORNES(1;5) | K22: =ALEA.ENTRE.BORNES(1;5) | L22: =ALEA.ENTRE.BORNES(1;5) | M22: =SI(OU(G22="";E22="";F22="";F22=E22);"";SI($B22="Coût"; (F22-G22)/(F22-E22); (G22-E22)/(F22-E22)) * $C22) | N22: =SI(OU(H22="";E22="";F22="";F22=E22);"";SI($B22="Coût"; (F22-H22)/(F22-E22); (H22-E22)/(F22-E22)) * $C22) | O22: =SI(OU(I22="";E22="";F22="";F22=E22);"";SI($B22="Coût"; (F22-I22)/(F22-E22); (I22-E22)/(F22-E22)) * $C22) | P22: =SI(OU(J22="";E22="";F22="";F22=E22);"";SI($B22="Coût"; (F22-J22)/(F22-E22); (J22-E22)/(F22-E22)) * $C22) | Q22: =SI(OU(K22="";E22="";F22="";F22=E22);"";SI($B22="Coût"; (F22-K22)/(F22-E22); (K22-E22)/(F22-E22)) * $C22) | R22: =SI(OU(L22="";E22="";F22="";F22=E22);"";SI($B22="Coût"; (F22-L22)/(F22-E22); (L22-E22)/(F22-E22)) * $C22) | S22: =SI(OU(G22="";E22="";F22="";F22=E22);"";SI($B22="Coût"; (F22-G22)/(F22-E22); (G22-E22)/(F22-E22)) * $D22) | T22: =SI(OU(H22="";E22="";F22="";F22=E22);"";SI($B22="Coût"; (F22-H22)/(F22-E22); (H22-E22)/(F22-E22)) * $D22) | U22: =SI(OU(I22="";E22="";F22="";F22=E22);"";SI($B22="Coût"; (F22-I22)/(F22-E22); (I22-E22)/(F22-E22)) * $D22) | V22: =SI(OU(J22="";E22="";F22="";F22=E22);"";SI($B22="Coût"; (F22-J22)/(F22-E22); (J22-E22)/(F22-E22)) * $D22) | W22: =SI(OU(K22="";E22="";F22="";F22=E22);"";SI($B22="Coût"; (F22-K22)/(F22-E22); (K22-E22)/(F22-E22)) * $D22) | X22: =SI(OU(L22="";E22="";F22="";F22=E22);"";SI($B22="Coût"; (F22-L22)/(F22-E22); (L22-E22)/(F22-E22)) * $D22)
A23: TOTAL (Base) | M23: =SOMME(M3:M22) | N23: =SOMME(N3:N22) | O23: =SOMME(O3:O22) | P23: =SOMME(P3:P22) | Q23: =SOMME(Q3:Q22) | R23: =SOMME(R3:R22)
A24: TOTAL (Scénario B) | S24: =SOMME(S3:S22) | T24: =SOMME(T3:T22) | U24: =SOMME(U3:U22) | V24: =SOMME(V3:V22) | W24: =SOMME(W3:W22) | X24: =SOMME(X3:X22)

Sheet Dashboard
A1: Dashboard — Résultats, Classements & Contrôles
A2: Alternative | B2: Score Base | C2: Rang Base | E2: Score Scénario B | F2: Rang B | H2: Score ACTIF | I2: Rang ACTIF
A3: =Alternatives!A2 | B3: =Matrice_Decision!M23 | C3: =1+NB.SI($B$3:$B$8;">"&B3) | E3: =Matrice_Decision!S24 | F3: =1+NB.SI($E$3:$E$8;">"&E3) | H3: =SI(Parametres!$B$3="Scénario B"; E3; B3) | I3: =1+NB.SI($H$3:$H$8;">"&H3)
A4: =Alternatives!B2 | B4: =Matrice_Decision!N23 | C4: =1+NB.SI($B$3:$B$8;">"&B4) | E4: =Matrice_Decision!T24 | F4: =1+NB.SI($E$3:$E$8;">"&E4) | H4: =SI(Parametres!$B$3="Scénario B"; E4; B4) | I4: =1+NB.SI($H$3:$H$8;">"&H4)
A5: =Alternatives!C2 | B5: =Matrice_Decision!O23 | C5: =1+NB.SI($B$3:$B$8;">"&B5) | E5: =Matrice_Decision!U24 | F5: =1+NB.SI($E$3:$E$8;">"&E5) | H5: =SI(Parametres!$B$3="Scénario B"; E5; B5) | I5: =1+NB.SI($H$3:$H$8;">"&H5)
A6: =Alternatives!D2 | B6: =Matrice_Decision!P23 | C6: =1+NB.SI($B$3:$B$8;">"&B6) | E6: =Matrice_Decision!V24 | F6: =1+NB.SI($E$3:$E$8;">"&E6) | H6: =SI(Parametres!$B$3="Scénario B"; E6; B6) | I6: =1+NB.SI($H$3:$H$8;">"&H6)
A7: =Alternatives!E2 | B7: =Matrice_Decision!Q23 | C7: =1+NB.SI($B$3:$B$8;">"&B7) | E7: =Matrice_Decision!W24 | F7: =1+NB.SI($E$3:$E$8;">"&E7) | H7: =SI(Parametres!$B$3="Scénario B"; E7; B7) | I7: =1+NB.SI($H$3:$H$8;">"&H7)
A8: =Alternatives!F2 | B8: =Matrice_Decision!R23 | C8: =1+NB.SI($B$3:$B$8;">"&B8) | E8: =Matrice_Decision!X24 | F8: =1+NB.SI($E$3:$E$8;">"&E8) | H8: =SI(Parametres!$B$3="Scénario B"; E8; B8) | I8: =1+NB.SI($H$3:$H$8;">"&H8)
A10: Meilleure option (Actif) | B10: =INDEX($A$3:$A$8; EQUIV(1; $I$3:$I$8; 0)) | D10: Écart 1ᵉʳ–2ᵉ (Actif) | E10: =GRANDE.VALEUR($H$3:$H$8;1)-GRANDE.VALEUR($H$3:$H$8;2)
A12: Contrôles pondérations
A13: Somme Poids (Base) | B13: =Criteres!E23
A14: Somme Poids (Scénario B) | B14: =Criteres!F23
A15: Somme Poids normalisés (actifs) | B15: =Criteres!I23

Sheet Sensibilite
A1: Analyse de sensibilité — Base vs Scénario B
A2: Alternative | B2: Score Base | C2: Score B | D2: Δ Score (B-Base) | E2: Δ Rang (B-Base)
A3: =Dashboard!A3 | B3: =Dashboard!B3 | C3: =Dashboard!E3 | D3: =C3-B3 | E3: =Dashboard!F3-Dashboard!C3
A4: =Dashboard!A4 | B4: =Dashboard!B4 | C4: =Dashboard!E4 | D4: =C4-B4 | E4: =Dashboard!F4-Dashboard!C4
A5: =Dashboard!A5 | B5: =Dashboard!B5 | C5: =Dashboard!E5 | D5: =C5-B5 | E5: =Dashboard!F5-Dashboard!C5
A6: =Dashboard!A6 | B6: =Dashboard!B6 | C6: =Dashboard!E6 | D6: =C6-B6 | E6: =Dashboard!F6-Dashboard!C6
A7: =Dashboard!A7 | B7: =Dashboard!B7 | C7: =Dashboard!E7 | D7: =C7-B7 | E7: =Dashboard!F7-Dashboard!C7
A8: =Dashboard!A8 | B8: =Dashboard!B8 | C8: =Dashboard!E8 | D8: =C8-B8 | E8: =Dashboard!F8-Dashboard!C8

Sheet Flux_Decision
A1: Descendance des flux — Processus de décision
A3: Problème | C3: Critères | E3: Pondération | G3: Collecte données | I3: Notation | K3: Agrégation | M3: Classement | O3: Décision | Q3: Revue
B4: → | D4: → | F4: → | H4: → | J4: → | L4: → | N4: → | P4: →
